%YAML 1.1
%TAG !u! tag:unity3d.com,2011:
--- !u!65 &7919255019954686036
BoxCollider:
  m_ObjectHideFlags: 0
  m_CorrespondingSourceObject: {fileID: 0}
  m_PrefabInstance: {fileID: 0}
  m_PrefabAsset: {fileID: 0}
  m_GameObject: {fileID: 63151476885636676}
  m_Material: {fileID: 0}
  m_IsTrigger: 0
  m_Enabled: 1
  serializedVersion: 2
  m_Size: {x: 5.9999995, y: 2.5, z: 0.25}
  m_Center: {x: 0, y: 1.75, z: -4.875}
--- !u!114 &5113448045571840091
MonoBehaviour:
  m_ObjectHideFlags: 0
  m_CorrespondingSourceObject: {fileID: 0}
  m_PrefabInstance: {fileID: 0}
  m_PrefabAsset: {fileID: 0}
  m_GameObject: {fileID: 63151476885636676}
  m_Enabled: 1
  m_EditorHideFlags: 0
  m_Script: {fileID: 11500000, guid: 44b71bcbbf7f6344a88d4117c70e024c, type: 3}
  m_Name: 
  m_EditorClassIdentifier: 
  FadeTime: 0.5
  AlphaValue: 0.1
  isShowing: 0
--- !u!65 &4988941728524683914
BoxCollider:
  m_ObjectHideFlags: 0
  m_CorrespondingSourceObject: {fileID: 0}
  m_PrefabInstance: {fileID: 0}
  m_PrefabAsset: {fileID: 0}
  m_GameObject: {fileID: 67100750925843584}
  m_Material: {fileID: 0}
  m_IsTrigger: 0
  m_Enabled: 1
  serializedVersion: 2
  m_Size: {x: 5.9999995, y: 2.5, z: 0.25}
  m_Center: {x: 0, y: 1.75, z: 4.875}
--- !u!114 &7634427134256662818
MonoBehaviour:
  m_ObjectHideFlags: 0
  m_CorrespondingSourceObject: {fileID: 0}
  m_PrefabInstance: {fileID: 0}
  m_PrefabAsset: {fileID: 0}
  m_GameObject: {fileID: 67100750925843584}
  m_Enabled: 1
  m_EditorHideFlags: 0
  m_Script: {fileID: 11500000, guid: 44b71bcbbf7f6344a88d4117c70e024c, type: 3}
  m_Name: 
  m_EditorClassIdentifier: 
  FadeTime: 0.5
  AlphaValue: 0.1
  isShowing: 0
--- !u!65 &3637875425050758143
BoxCollider:
  m_ObjectHideFlags: 0
  m_CorrespondingSourceObject: {fileID: 0}
  m_PrefabInstance: {fileID: 0}
  m_PrefabAsset: {fileID: 0}
  m_GameObject: {fileID: 2282723131472908559}
  m_Material: {fileID: 0}
  m_IsTrigger: 0
  m_Enabled: 1
  serializedVersion: 2
  m_Size: {x: 0.25000024, y: 2.5, z: 10}
  m_Center: {x: -2.8749995, y: 1.75, z: 0}
--- !u!114 &7446777810264371291
MonoBehaviour:
  m_ObjectHideFlags: 0
  m_CorrespondingSourceObject: {fileID: 0}
  m_PrefabInstance: {fileID: 0}
  m_PrefabAsset: {fileID: 0}
  m_GameObject: {fileID: 2282723131472908559}
  m_Enabled: 1
  m_EditorHideFlags: 0
  m_Script: {fileID: 11500000, guid: 44b71bcbbf7f6344a88d4117c70e024c, type: 3}
  m_Name: 
  m_EditorClassIdentifier: 
  FadeTime: 0.5
  AlphaValue: 0.1
  isShowing: 0
--- !u!1 &4327879098317690207
GameObject:
  m_ObjectHideFlags: 0
  m_CorrespondingSourceObject: {fileID: 0}
  m_PrefabInstance: {fileID: 0}
  m_PrefabAsset: {fileID: 0}
  serializedVersion: 6
  m_Component:
  - component: {fileID: 744482368056108876}
  m_Layer: 0
  m_Name: PF_Level_01_Tutorial
  m_TagString: Untagged
  m_Icon: {fileID: 0}
  m_NavMeshLayer: 0
  m_StaticEditorFlags: 0
  m_IsActive: 1
--- !u!4 &744482368056108876
Transform:
  m_ObjectHideFlags: 0
  m_CorrespondingSourceObject: {fileID: 0}
  m_PrefabInstance: {fileID: 0}
  m_PrefabAsset: {fileID: 0}
  m_GameObject: {fileID: 4327879098317690207}
  m_LocalRotation: {x: 0, y: 0, z: 0, w: 1}
  m_LocalPosition: {x: 0, y: 0, z: 0}
  m_LocalScale: {x: 1, y: 1, z: 1}
  m_Children:
  - {fileID: 8121162011984128120}
  - {fileID: 7697931253210325357}
  m_Father: {fileID: 0}
  m_RootOrder: 0
  m_LocalEulerAnglesHint: {x: 0, y: 0, z: 0}
--- !u!65 &8269069122105667234
BoxCollider:
  m_ObjectHideFlags: 0
  m_CorrespondingSourceObject: {fileID: 0}
  m_PrefabInstance: {fileID: 0}
  m_PrefabAsset: {fileID: 0}
  m_GameObject: {fileID: 8942695074900669986}
  m_Material: {fileID: 0}
  m_IsTrigger: 0
  m_Enabled: 1
  serializedVersion: 2
  m_Size: {x: 0.25000024, y: 2.5, z: 10}
  m_Center: {x: 2.8749995, y: 1.75, z: 0}
--- !u!114 &4888535393124306982
MonoBehaviour:
  m_ObjectHideFlags: 0
  m_CorrespondingSourceObject: {fileID: 0}
  m_PrefabInstance: {fileID: 0}
  m_PrefabAsset: {fileID: 0}
  m_GameObject: {fileID: 8942695074900669986}
  m_Enabled: 1
  m_EditorHideFlags: 0
  m_Script: {fileID: 11500000, guid: 44b71bcbbf7f6344a88d4117c70e024c, type: 3}
  m_Name: 
  m_EditorClassIdentifier: 
  FadeTime: 0.5
  AlphaValue: 0.1
  isShowing: 0
--- !u!1001 &3877209076927316834
PrefabInstance:
  m_ObjectHideFlags: 0
  serializedVersion: 2
  m_Modification:
    m_TransformParent: {fileID: 744482368056108876}
    m_Modifications:
    - target: {fileID: -927199367670048503, guid: 4c2a9d39e225bc74f892df8ac4f38a90,
        type: 3}
      propertyPath: m_Name
      value: SM_Level_01_Tutorial
      objectReference: {fileID: 0}
    - target: {fileID: 3832219084026742054, guid: 4c2a9d39e225bc74f892df8ac4f38a90,
        type: 3}
      propertyPath: m_Layer
      value: 11
      objectReference: {fileID: 0}
    - target: {fileID: 5319957146949563712, guid: 4c2a9d39e225bc74f892df8ac4f38a90,
        type: 3}
      propertyPath: m_Layer
      value: 11
      objectReference: {fileID: 0}
    - target: {fileID: -5395032132991807518, guid: 4c2a9d39e225bc74f892df8ac4f38a90,
        type: 3}
      propertyPath: m_Layer
      value: 11
      objectReference: {fileID: 0}
    - target: {fileID: -6169014999140347283, guid: 4c2a9d39e225bc74f892df8ac4f38a90,
        type: 3}
      propertyPath: m_Layer
      value: 11
      objectReference: {fileID: 0}
    - target: {fileID: -4216859302048453862, guid: 4c2a9d39e225bc74f892df8ac4f38a90,
        type: 3}
      propertyPath: m_LocalPosition.x
      value: 5
      objectReference: {fileID: 0}
    - target: {fileID: -4216859302048453862, guid: 4c2a9d39e225bc74f892df8ac4f38a90,
        type: 3}
      propertyPath: m_LocalPosition.y
      value: 0
      objectReference: {fileID: 0}
    - target: {fileID: -4216859302048453862, guid: 4c2a9d39e225bc74f892df8ac4f38a90,
        type: 3}
      propertyPath: m_LocalPosition.z
      value: 3
      objectReference: {fileID: 0}
    - target: {fileID: -4216859302048453862, guid: 4c2a9d39e225bc74f892df8ac4f38a90,
        type: 3}
      propertyPath: m_LocalRotation.x
      value: -0
      objectReference: {fileID: 0}
    - target: {fileID: -4216859302048453862, guid: 4c2a9d39e225bc74f892df8ac4f38a90,
        type: 3}
      propertyPath: m_LocalRotation.y
      value: 0.70710576
      objectReference: {fileID: 0}
    - target: {fileID: -4216859302048453862, guid: 4c2a9d39e225bc74f892df8ac4f38a90,
        type: 3}
      propertyPath: m_LocalRotation.z
      value: -0
      objectReference: {fileID: 0}
    - target: {fileID: -4216859302048453862, guid: 4c2a9d39e225bc74f892df8ac4f38a90,
        type: 3}
      propertyPath: m_LocalRotation.w
      value: 0.70710784
      objectReference: {fileID: 0}
    - target: {fileID: -4216859302048453862, guid: 4c2a9d39e225bc74f892df8ac4f38a90,
        type: 3}
      propertyPath: m_RootOrder
      value: 0
      objectReference: {fileID: 0}
    - target: {fileID: -4216859302048453862, guid: 4c2a9d39e225bc74f892df8ac4f38a90,
        type: 3}
      propertyPath: m_LocalEulerAnglesHint.x
      value: 0
      objectReference: {fileID: 0}
    - target: {fileID: -4216859302048453862, guid: 4c2a9d39e225bc74f892df8ac4f38a90,
        type: 3}
      propertyPath: m_LocalEulerAnglesHint.y
      value: 90.00001
      objectReference: {fileID: 0}
    - target: {fileID: -4216859302048453862, guid: 4c2a9d39e225bc74f892df8ac4f38a90,
        type: 3}
      propertyPath: m_LocalEulerAnglesHint.z
      value: 0
      objectReference: {fileID: 0}
    - target: {fileID: -6690635291854222784, guid: 4c2a9d39e225bc74f892df8ac4f38a90,
        type: 3}
      propertyPath: m_Materials.Array.data[0]
      value: 
      objectReference: {fileID: 2100000, guid: 473cf3262e5c42143a9dd34449ab1d17, type: 2}
    - target: {fileID: 472446716757828066, guid: 4c2a9d39e225bc74f892df8ac4f38a90,
        type: 3}
      propertyPath: m_Materials.Array.data[0]
      value: 
      objectReference: {fileID: 2100000, guid: 473cf3262e5c42143a9dd34449ab1d17, type: 2}
    - target: {fileID: 4667526338934153033, guid: 4c2a9d39e225bc74f892df8ac4f38a90,
        type: 3}
      propertyPath: m_Materials.Array.data[0]
      value: 
      objectReference: {fileID: 2100000, guid: 473cf3262e5c42143a9dd34449ab1d17, type: 2}
    - target: {fileID: -3609613478883436769, guid: 4c2a9d39e225bc74f892df8ac4f38a90,
        type: 3}
      propertyPath: m_Materials.Array.data[0]
      value: 
      objectReference: {fileID: 2100000, guid: 473cf3262e5c42143a9dd34449ab1d17, type: 2}
    m_RemovedComponents: []
  m_SourcePrefab: {fileID: 100100000, guid: 4c2a9d39e225bc74f892df8ac4f38a90, type: 3}
--- !u!4 &8121162011984128120 stripped
Transform:
  m_CorrespondingSourceObject: {fileID: -4216859302048453862, guid: 4c2a9d39e225bc74f892df8ac4f38a90,
    type: 3}
  m_PrefabInstance: {fileID: 3877209076927316834}
  m_PrefabAsset: {fileID: 0}
--- !u!1 &63151476885636676 stripped
GameObject:
  m_CorrespondingSourceObject: {fileID: 3832219084026742054, guid: 4c2a9d39e225bc74f892df8ac4f38a90,
    type: 3}
  m_PrefabInstance: {fileID: 3877209076927316834}
  m_PrefabAsset: {fileID: 0}
--- !u!1 &8942695074900669986 stripped
GameObject:
  m_CorrespondingSourceObject: {fileID: 5319957146949563712, guid: 4c2a9d39e225bc74f892df8ac4f38a90,
    type: 3}
  m_PrefabInstance: {fileID: 3877209076927316834}
  m_PrefabAsset: {fileID: 0}
--- !u!1 &67100750925843584 stripped
GameObject:
  m_CorrespondingSourceObject: {fileID: -5395032132991807518, guid: 4c2a9d39e225bc74f892df8ac4f38a90,
    type: 3}
  m_PrefabInstance: {fileID: 3877209076927316834}
  m_PrefabAsset: {fileID: 0}
--- !u!1 &2282723131472908559 stripped
GameObject:
  m_CorrespondingSourceObject: {fileID: -6169014999140347283, guid: 4c2a9d39e225bc74f892df8ac4f38a90,
    type: 3}
  m_PrefabInstance: {fileID: 3877209076927316834}
  m_PrefabAsset: {fileID: 0}
--- !u!1001 &7298415231825333580
PrefabInstance:
  m_ObjectHideFlags: 0
  serializedVersion: 2
  m_Modification:
    m_TransformParent: {fileID: 744482368056108876}
    m_Modifications:
    - target: {fileID: 871250451429920808, guid: d976cf8ad91ce4144930f5cfbec7136e,
        type: 3}
      propertyPath: m_Name
      value: Level_Tutorial01_Prefab
      objectReference: {fileID: 0}
    - target: {fileID: 1125238329017986081, guid: d976cf8ad91ce4144930f5cfbec7136e,
        type: 3}
      propertyPath: m_LocalPosition.x
      value: 0
      objectReference: {fileID: 0}
    - target: {fileID: 1125238329017986081, guid: d976cf8ad91ce4144930f5cfbec7136e,
        type: 3}
      propertyPath: m_LocalPosition.y
      value: 0
      objectReference: {fileID: 0}
    - target: {fileID: 1125238329017986081, guid: d976cf8ad91ce4144930f5cfbec7136e,
        type: 3}
      propertyPath: m_LocalPosition.z
      value: 0
      objectReference: {fileID: 0}
    - target: {fileID: 1125238329017986081, guid: d976cf8ad91ce4144930f5cfbec7136e,
        type: 3}
      propertyPath: m_LocalRotation.x
      value: 0
      objectReference: {fileID: 0}
    - target: {fileID: 1125238329017986081, guid: d976cf8ad91ce4144930f5cfbec7136e,
        type: 3}
      propertyPath: m_LocalRotation.y
      value: 0
      objectReference: {fileID: 0}
    - target: {fileID: 1125238329017986081, guid: d976cf8ad91ce4144930f5cfbec7136e,
        type: 3}
      propertyPath: m_LocalRotation.z
      value: 0
      objectReference: {fileID: 0}
    - target: {fileID: 1125238329017986081, guid: d976cf8ad91ce4144930f5cfbec7136e,
        type: 3}
      propertyPath: m_LocalRotation.w
      value: 1
      objectReference: {fileID: 0}
    - target: {fileID: 1125238329017986081, guid: d976cf8ad91ce4144930f5cfbec7136e,
        type: 3}
      propertyPath: m_RootOrder
      value: 1
      objectReference: {fileID: 0}
    - target: {fileID: 1125238329017986081, guid: d976cf8ad91ce4144930f5cfbec7136e,
        type: 3}
      propertyPath: m_LocalEulerAnglesHint.x
      value: 0
      objectReference: {fileID: 0}
    - target: {fileID: 1125238329017986081, guid: d976cf8ad91ce4144930f5cfbec7136e,
        type: 3}
      propertyPath: m_LocalEulerAnglesHint.y
      value: 0
      objectReference: {fileID: 0}
    - target: {fileID: 1125238329017986081, guid: d976cf8ad91ce4144930f5cfbec7136e,
        type: 3}
      propertyPath: m_LocalEulerAnglesHint.z
      value: 0
      objectReference: {fileID: 0}
    - target: {fileID: 3013322841577879430, guid: d976cf8ad91ce4144930f5cfbec7136e,
        type: 3}
      propertyPath: m_IsActive
      value: 0
      objectReference: {fileID: 0}
    - target: {fileID: 250942867416683165, guid: d976cf8ad91ce4144930f5cfbec7136e,
        type: 3}
      propertyPath: m_IsActive
      value: 0
      objectReference: {fileID: 0}
    - target: {fileID: 1739469315348675298, guid: d976cf8ad91ce4144930f5cfbec7136e,
        type: 3}
      propertyPath: m_IsActive
      value: 0
      objectReference: {fileID: 0}
    m_RemovedComponents: []
  m_SourcePrefab: {fileID: 100100000, guid: d976cf8ad91ce4144930f5cfbec7136e, type: 3}
--- !u!4 &7697931253210325357 stripped
Transform:
  m_CorrespondingSourceObject: {fileID: 1125238329017986081, guid: d976cf8ad91ce4144930f5cfbec7136e,
    type: 3}
  m_PrefabInstance: {fileID: 7298415231825333580}
  m_PrefabAsset: {fileID: 0}
